 Dungeon Crawl Stone Soup version 0.25.0-26-g0c896c7088 (webtiles) character file.

Game seed: 5477060964907405019

142 Esekla the Grave Robber (level 5, -3/38 HPs)
             Began as a Formicid Necromancer on July 1, 2020.
             Shot with an arrow by a centaur (4 damage)
             ... on level 5 of the Dungeon.
             The game lasted 00:21:52 (2372 turns).

Esekla the Grave Robber (Formicid Necromancer)      Turns: 2372, Time: 00:21:52

Health: -3/38      AC:  4    Str: 12    XL:     5   Next: 50%
Magic:  11/11      EV: 12    Int: 16    God:
Gold:   77         SH:  0    Dex: 11    Spells: 8/12 levels left

rFire    . . .     SeeInvis +   a - +0 falchion
rCold    . . .     Gourm    .   (no shield)
rNeg     . . .     Faith    .   l - +0 leather armour
rPois    .         Spirit   .   (helmet unavailable)
rElec    .         Reflect  .   f - +0 cloak (curse)
rCorr    .         Harm     .   (no gloves)
MR       .....                  (no boots)
Stlth    ++........             (no amulet)
HPRegen  0.12/turn              g - ring of wizardry
MPRegen  0.12/turn              (no ring)

@: no status effects
A: permanent stasis, dig shafts and tunnels, four strong arms, antennae 3
a: Dig, Shaft Self


You were on level 5 of the Dungeon.
You were not hungry.

You visited 1 branch of the dungeon, and saw 5 of its levels.

You collected 77 gold pieces.

Inventory:

Hand Weapons
 a - a +0 falchion (weapon)
 d - a +0 dagger
 e - a +0 short sword
Armour
 f - a cursed +0 cloak (worn)
 l - a +0 leather armour (worn)
Jewellery
 g - a ring of wizardry (left hand)
 i - an uncursed ring of flight
Scrolls
 b - 4 scrolls of identify {unknown}
 k - a scroll of enchant armour {unknown}
Potions
 h - a potion of brilliance {unknown}
 j - a potion of flight {unknown}
 m - a potion of stabbing {unknown}
 n - a potion of invisibility {unknown}
Comestibles
 c - 6 rations


   Skills:
 * Level 1.7 Fighting
 + Level 0.4(0.5) Short Blades
 + Level 0.1(0.3) Long Blades
 + Level 0.2 Armour
 + Level 2.0 Dodging
 + Level 2.8 Stealth
 * Level 4.0 Spellcasting
 + Level 4.6 Necromancy


You had 8 spell levels left.
You knew the following spells:

 Your Spells              Type           Power        Failure   Level  Hunger
a - Pain                  Necr           ###.         1%          1    None
d - Vampiric Draining     Necr           ###.......   4%          3    ###....

Your spell library contained the following spells:

 Spells                   Type           Power        Failure   Level  Hunger
 Animate Skeleton         Necr           N/A          1%          1    None
 Animate Dead             Necr           N/A          13%         4    ####...
 Agony                    Necr           ###.....     32%         5    ######.


Dungeon Overview and Level Annotations

Branches:
Dungeon (5/15)
 Temple: D:4-7

Altars:

Shops:
D:5 *


Innate Abilities, Weirdness & Mutations

You cannot be hasted, slowed, berserked, paralysed or teleported.
You can dig through walls and to a lower floor.
Your four strong arms can wield two-handed weapons with a shield.
You have a pair of large antennae on your head. (SInv)


Message History

The crimson imp blinks!
Found a ration.
A centaur comes into view.
Found a stone staircase leading down.
You see here a ration.
c - 6 rations (gained 1)
The centaur shouts!
The centaur wields a +1 shortbow of freezing.
It is covered in frost.
The centaur shoots an arrow.
The arrow hits you! The arrow freezes you.
The centaur shoots an arrow.
The arrow closely misses you.
The arrow barely misses the crimson imp.
The centaur shoots an arrow.
The arrow hits you but does no damage.
You see here an arrow.
The centaur shoots an arrow.
The arrow hits you. The arrow freezes you.
* * * LOW HITPOINT WARNING * * *
The centaur shoots an arrow.
The arrow hits you!
* * * LOW HITPOINT WARNING * * *
The arrow freezes you.
You die...

#...........# #.# ####.#
##..... #..PP.% #..P∩P.
#...PP.
##################......
..........(.............
....c..@5.(##########..#
###........# #..#
#.........# #..#
#........## #..#
#..>.....## #..
#.....#### { . #.#### ##


You could see a centaur and a crimson imp.

Vanquished Creatures
  An orc priest (D:4)
  Jessica (D:2)
  An iguana (D:3)
  3 adders
  2 dart slugs
  A worm (D:2)
  2 leopard geckos
  2 orcs (D:3)
  2 giant cockroaches
  3 goblins
  2 hobgoblins (D:3)
  A jackal (D:4)
  2 quokkas (D:4)
  2 bats
  A frilled lizard (D:2)
  A rat (D:1)
27 creatures vanquished.

Notes
Turn   | Place    | Note
-------+----------+-------------------------------------------
     0 | D:1      | Esekla the Formicid Necromancer began the quest for the
                  | Orb.
     0 | D:1      | Reached XP level 1. HP: 13/13 MP: 3/3
    81 | D:1      | Reached XP level 2. HP: 12/19 MP: 1/5
   396 | D:2      | Noticed Jessica
   971 | D:3      | Reached skill level 1 in Fighting
   971 | D:3      | Reached XP level 3. HP: 20/26 MP: 0/7
   980 | D:3      | Learned a level 3 spell: Vampiric Draining
  1498 | D:3      | Reached XP level 4. HP: 21/32 MP: 1/8
  1599 | D:2      | Killed Jessica
  1715 | D:4      | Reached XP level 5. HP: 17/38 MP: 2/10
  2179 | D:5      | Entered Level 5 of the Dungeon
  2179 | D:5      | Noticed a phantom
  2324 | D:5      | Found Ikhu's Assorted Antiques.
  2368 | D:5      | Noticed a centaur
  2372 | D:5      | HP: 1/38 [centaur/arrow (9)]
  2372 | D:5      | Shot with an arrow by a centaur

Illustrated notes

Levels and vault maps discovered:
D:1:      lordsloth_arrival_two_stooges, layout_basic, st_stairs_7
D:2:      layout_loops_ring, first_ration, minmay_quadrilaterals, uniq_robin,
          uniq_jessica, uniq_crazy_yiuf_cottage
D:3:      layout_basic
D:4:      layout_gridville
D:5:      layout_cave_pods, serial_shops, nicolae_shop_overgrown_old_shop, shop,
          kennysheep_mini, shop

Skill      XL: |  1  2  3  4  5 |
---------------+----------------+-----
Fighting       | 1 |  1.7
Spellcasting   | 3 4 |  4.0
Dodging        | 2 |  2.0
Short Blades   | |  0.4
Long Blades    | |  0.1
Armour         | |  0.2
Stealth        | |  2.8
Necromancy     | |  4.6

Action                   |  1- 3 |  4- 6 || total
-------------------------+-------+-------++-------
Melee: Dagger            |    44 |    30 ||    74
       Falchion          |       |    67 ||    67
 Cast: Pain              |    27 |     2 ||    29
       Vampiric Draining |     4 |    13 ||    17
 Stab: Sleeping          |     1 |     1 ||     2
  Eat: Chunk             |     3 |     1 ||     4
       Ration            |       |     1 ||     1
Armor: Robe              |     6 |     2 ||     8
       Leather armour    |       |    28 ||    28
Dodge: Dodged            |    26 |    60 ||    86
       Rpst.: Falchion   |       |    11 ||    11
